 Dungeon Crawl Stone Soup version 0.19-a0-1007-g133f65f (console) character file.

491 brucemayne the Chopper (level 6, -1/46 HPs)
             Began as a Vampire Berserker on July 20, 2016.
             Was a Believer of Trog.
             Killed from afar by an orc wizard (2 damage)
             ... with a magic dart
             ... on level 5 of the Dungeon.
             The game lasted 00:04:45 (1199 turns).

brucemayne the Chopper (Vampire Berserker)          Turns: 1199, Time: 00:04:45

Health: -1/46      AC:  7    Str: 18    XL:     6   Next: 91%
Magic:  0/6        EV: 10    Int: 10    God:    Trog [**....]
Gold:   83         SH:  0    Dex: 13    Spells: 0 memorised, 5 levels left

rFire  + . .     SeeInvis +     a - +0 hand axe
rCold  + . .     Gourm    .     i - +0 scale mail
rNeg   + . .     Faith    .     (no shield)
rPois  +         Spirit   +     k - +0 helmet
rElec  +         Dismiss  .     (no cloak)
rCorr  +         Reflect  .     (no gloves)
SustAt .         Harm     .     (no boots)
MR     .....                    n - amulet of guardian spirit
Stlth  ..........               (no ring)
                                (no ring)

@: confused, exhausted, resistant, slowed, very slow, not resistant to hostile
enchantments, extremely unstealthy
A: fangs 3, see invisible, unbreathing
a: Bat Form, Berserk, Trog's Hand, Burn Spellbooks, Renounce Religion


You were on level 5 of the Dungeon.
You worshipped Trog.
Trog was pleased with you.
You were not thirsty.

You visited 1 branch of the dungeon, and saw 5 of its levels.

You collected 83 gold pieces.

Inventory:

Hand Weapons
 a - a +0 hand axe (weapon)
 o - a +0 halberd
Armour
 b - a +0 animal skin
 d - a +0 leather armour
 i - a +0 scale mail (worn)
 k - a +0 helmet (worn)
Jewellery
 h - an uncursed amulet of dismissal
 n - an amulet of guardian spirit (around neck)
Scrolls
 e - 3 scrolls of identify {unknown}
 f - a scroll of remove curse {unknown}
 j - a scroll of magic mapping {unknown}
 l - a scroll of immolation {unknown}
Potions
 c - 2 potions of blood
Books
 p - a book of Clouds

   Spells                             Type                      Level
   a - Mephitic Cloud                 Conjuration/Poison/Air       3
   b - Conjure Flame                  Conjuration/Fire             3
   c - Poisonous Cloud                Conjuration/Poison/Air       6
   d - Freezing Cloud                 Conjuration/Ice/Air          6
   e - Ring of Flames                 Charms/Fire                  7
   Trog disapproves of the use of such an item.


   Skills:
 - Level 2.6 Fighting
 + Level 7.2 Axes
 - Level 1.5 Armour
 - Level 2.1 Dodging


You had 5 spell levels left.
You didn't know any spells.

Dungeon Overview and Level Annotations

Branches:
Dungeon (5/15)
 Temple: D:4-7

Altars:

Annotations:
D:5 Blork the orc


Innate Abilities, Weirdness & Mutations

You have razor-sharp teeth.
You have supernaturally acute eyesight. (SInv)
You can survive without breathing.


Message History

Okay, then.
Use e to drain blood from corpses.
It was a potion of resistance.
You feel protected.
Blork the orc hits you from afar with a halberd!
* * * LOW HITPOINT WARNING * * *
The orc wizard hits you with a dagger.
* * * LOW HITPOINT WARNING * * *
Blork the orc points at you and mumbles some strange words.
The puff of flame hits you!
The orc wizard mumbles some strange words.
The orc wizard blinks!
Blork the orc barely misses you.
The orc wizard points at you and mumbles some strange words.
The magic dart hits you!
* * * LOW HITPOINT WARNING * * *
Blork the orc hits you from afar with a halberd!
* * * LOW HITPOINT WARNING * * *
The orc wizard gestures at you while chanting.
The magic dart hits you!
You die...

### #.. ##### #.#
#...# #.# #...# #.#
#...##########.#####
.......#...o...)...#.#
..........(....)@).>.#
...............###o..#
...........##### ...#
######.....# ..... ..#
#.....# ..#### #.
#....... ..# #....####
#.# #....# .#


You could see Blork the orc and an orc wizard.

Vanquished Creatures
  The ghost of Xiguana the Slasher, a novice HESk (D:4)
  An orc priest (D:5)
  A centaur skeleton (D:4)
  A giant frog skeleton (D:5)
  An iguana (D:4)
  A worker ant (D:4)
  Robin (D:2)
  3 gnolls (D:5)
  An ooze (D:4)
  2 dart slugs
  2 orcs (D:5)
  4 giant cockroaches
  10 goblins
  3 hobgoblins (D:2)
  4 jackals
  A kobold (D:2)
  A quokka (D:3)
  4 bats (D:1)
  A giant newt (D:3)
  A quokka zombie (D:5)
  2 rats (D:1)
46 creatures vanquished.

Notes
Turn   | Place    | Note
-------+----------+-------------------------------------------
     0 | D:1      | brucemayne the Vampire Berserker began the quest for the Orb.
     0 | D:1      | Reached XP level 1. HP: 17/17 MP: 1/1
    60 | D:1      | Reached skill level 3 in Axes
   107 | D:2      | Noticed Robin
   217 | D:1      | Reached XP level 2. HP: 6/23 MP: 2/2
   510 | D:2      | Reached ** piety under Trog
   513 | D:2      | Reached XP level 3. HP: 9/28 MP: 3/3
   516 | D:2      | Killed Robin
   516 | D:2      | Reached skill level 4 in Axes
   718 | D:4      | Noticed Xiguana's ghost (novice HESk)
   730 | D:4      | Killed Xiguana's ghost
   730 | D:4      | Reached skill level 6 in Axes
   730 | D:4      | Reached XP level 4. HP: 14/34 MP: 4/4
   730 | D:4      | Reached XP level 5. HP: 16/39 MP: 5/5
   730 | D:4      | Reached XP level 6. HP: 19/46 MP: 6/6
  1034 | D:5      | Entered Level 5 of the Dungeon
  1041 | D:5      | HP: 3/69 [gnoll/halberd (8)]
  1095 | D:5      | Reached skill level 7 in Axes
  1180 | D:5      | Noticed Blork the orc
  1199 | D:5      | HP: 1/46 [Blork the orc/halberd (8)]
  1199 | D:5      | Killed from afar by an orc wizard

Vault maps used:
D:1:      moated_graveyard_arrival
D:2:      uniq_robin, uniq_natasha
D:3:      minmay_door_path, lemuel_round_altar, minitemple,
          kennysheep_generic_room_11
D:5:      first_bread, uniq_duvessa, uniq_blork_the_orc

Skill      XL: |  1  2  3  4  5  6 |
---------------+-------------------+-----
Axes           | 3 6 7 |  7.2
Fighting       | |  2.6
Armour         | |  1.5
Dodging        | |  2.1

Action                   |  1- 3 |  4- 6 || total
-------------------------+-------+-------++-------
Melee: Hand axe          |    81 |    42 ||   123
       Bite              |    12 |     5 ||    17
       Unarmed           |       |     1 ||     1
Invok: Berserk           |     2 |     4 ||     6
       Trog's Hand       |       |     2 ||     2
 Abil: End Transformatio |       |     4 ||     4
       Bat Form          |       |     4 ||     4
  Use: Potion            |     3 |     9 ||    12
Armor: Animal skin       |    17 |       ||    17
       Scale mail        |     4 |    16 ||    20
Dodge: Dodged            |    76 |    33 ||   109
